 Dungeon Crawl Stone Soup version 0.25-a0-425-g0e000e855e (webtiles) character file.

Game seed: 14899978979158811681, levelgen mode: deterministic

1845 Eurus the Magician (level 8, 0/62 HPs)
             Began as a Mummy Conjurer on Jan 24, 2020.
             Was an Initiate of Ashenzari.
             Slain by a shadow (30 damage)
             ... on level 7 of the Dungeon.
             The game lasted 00:29:49 (9201 turns).

Eurus the Magician (Mummy Conjurer)                 Turns: 9201, Time: 00:29:50

Health: 0/62       AC:  3    Str: 12    XL:     8   Next: 88%
Magic:  12/19      EV: 13    Int: 16    God:    Ashenzari [......]
Gold:   76         SH:  0    Dex: 12    Spells: 19/22 levels left

rFire    . . .     SeeInvis .   j - +3 quarterstaff (curse)
rCold    + + .     Gourm    .   (shield currently unavailable)
rNeg     + + +     Faith    .   a - +0 robe
rPois    ∞         Spirit   .   (no helmet)
rElec    .         Reflect  .   i - scarf {rC+ rF+}
rCorr    .         Harm     .   (no gloves)
MR       +....                  d - +0 pair of boots
Stlth    +++.......             (no amulet)
HPRegen  0.20/turn              l - ring of stealth
MPRegen  0.16/turn              (no ring)

@: no status effects
A: no food or potions, fire vulnerability, cold resistance 1, negative energy
resistance 3, torment resistance, unbreathing
a: Curse Item, Renounce Religion


You were on level 7 of the Dungeon.
You worshipped Ashenzari.
Ashenzari was noncommittal.
You were not hungry.

You visited 1 branch of the dungeon, and saw 7 of its levels.
You also visited: Sewer.

You collected 230 gold pieces.
You spent 154 gold pieces at shops.

Inventory:

Hand Weapons
 j - a cursed +3 quarterstaff (weapon)
Armour
 a - a +0 robe (worn)
 c - a +0 cloak
 d - a +0 pair of boots (worn)
 h - a +1 shield
 i - a scarf of resistance (worn)
Jewellery
 l - a ring of stealth (left hand)
Wands
 f - a wand of flame (14)
 o - a wand of acid (11)
 p - a wand of random effects (42)
Scrolls
 b - 3 scrolls of remove curse
 e - 3 scrolls of teleportation
 g - 10 scrolls of identify
 n - 2 scrolls of fog
 q - a scroll of amnesia


   Skills:
 - Level 5.0 Fighting
 + Level 2.4 Staves
 - Level 3.0 Dodging
 - Level 3.0 Stealth
 + Level 7.8 Spellcasting
 + Level 6.1 Conjurations


You had 19 spell levels left.
You knew the following spells:

 Your Spells              Type           Power        Failure   Level  Hunger
a - Magic Dart            Conj           ####         1%          1    N/A
b - Searing Ray           Conj           ####..       1%          2    N/A

Your spell library contained the following spells:

 Spells                   Type           Power        Failure   Level  Hunger
 Dazzling Flash           Conj/Hex       ###...       10%         3    N/A
 Fulminant Prism          Conj/Hex       ###.......   32%         4    N/A
 Iskenderun's Mystic Bla  Conj/Tloc      ###.....     32%         4    N/A

Dungeon Overview and Level Annotations

Branches:
Dungeon (7/15)             Temple (0/1) D:6           Sewer (visited)

Altars:
Ashenzari
Cheibriados
Gozag
Hepliaklqana
Makhleb

Shops:
D:5 :[(!


Innate Abilities, Weirdness & Mutations

You do not eat or drink.
Your flesh is vulnerable to fire.
You are immune to poison.
Your flesh is cold resistant. (rC+)
You are immune to negative energy. (rN+++)
You are immune to unholy pain and torment.
You can survive without breathing.


Message History

(Press . to maintain the ray.)
The shadow strikes at you from the darkness!
Reactivating autopickup.
The searing ray hits the shadow.
The shadow is heavily damaged.
The shadow hits you!
The searing ray hits the shadow.
The shadow is severely damaged.
You finish channeling your searing ray.
The shadow slips into darkness.
The shadow flickers and vanishes!
Deactivating autopickup; reactivate with Ctrl-A.
Casting: Searing Ray (safe; 1% risk of failure)
Confirm with . or Enter, or press ? or * to list all spells.
Aiming: Searing Ray (safe; 1% risk of failure)
Press: ? - help, Shift-Dir - straight line The searing ray hits something! (Press . to maintain the ray.)
The shadow strikes at you from the darkness!
You die...

#.# #..# #.#.#.# # ##.# #..#
#.#.#..# # #..# #.## #.#.# +#
# #..# #.# #.#.# # #..# #.#
#.#.# # #..#8#.# #.#.# #
#......#####.####### #
########...#####....(.....###
#
#...........@{...............
#
#.##############..........##.
# #.# ###......!.....# . #
#.# ##..............# . # #.#
#...P..P........# . #.#
##...............# . #.#
##..P.....!P...(..# . #.#
#.................# . #.#
#.................#


There were no monsters in sight!

Vanquished Creatures
  A sky beast (D:7)
  An ice beast (D:6)
  A black bear (D:7)
  An ogre (D:4)
  A necrophage (D:6)
  2 phantoms
  A big kobold (D:6)
  A bullfrog (D:7)
  A scorpion (D:3)
  3 howler monkeys (D:7)
  2 crimson imps (D:5)
  2 hounds (D:4)
  A jelly (D:5)
  3 orc priests (D:5)
  2 bullfrog skeletons
  5 orc wizards
  3 iguanas
  5 worker ants
  A killer bee zombie (D:7)
  8 adders
  2 oozes (D:4)
  An adder skeleton (D:4)
  2 worms
  A dart slug (D:5)
  6 leopard geckos
  17 orcs
  2 ball pythons (D:2)
  15 bats
  16 giant cockroaches
  5 goblins
  6 hobgoblins
  13 jackals
  5 quokkas
  6 frilled lizards
  10 kobolds
  A leopard gecko zombie (D:6)
  3 quokka skeletons
  6 rats
162 creatures vanquished.

Vanquished Creatures (others)
  A plant (D:2)
1 creature vanquished.

Grand Total: 163 creatures vanquished

Notes
Turn   | Place    | Note
-------+----------+-------------------------------------------
     0 | D:1      | Eurus the Mummy Conjurer began the quest for the Orb.
     0 | D:1      | Reached XP level 1. HP: 13/13 MP: 4/4
   346 | D:1      | Reached XP level 2. HP: 20/20 MP: 3/5
   356 | D:1      | Learned a level 2 spell: Searing Ray
   515 | D:1      | Reached skill level 3 in Spellcasting
   739 | D:2      | Found an opulent altar of Gozag.
   973 | D:2      | Reached skill level 1 in Fighting
  1041 | D:2      | Reached XP level 3. HP: 26/26 MP: 5/7
  2276 | D:3      | Reached XP level 4. HP: 17/32 MP: 3/9
  3208 | D:3      | Reached XP level 5. HP: 32/38 MP: 3/10
  3282 | D:4      | Found a shattered altar of Ashenzari.
  3289 | D:4      | Became a worshipper of Ashenzari the Shackled
  3302 | D:4      | Noticed an ogre
  3308 | D:4      | Killed an ogre
  3308 | D:4      | Reached skill level 4 in Spellcasting
  3600 | D:4      | Reached XP level 6. HP: 38/45 MP: 7/12
  4631 | D:4      | Found a burning altar of Makhleb.
  4824 | D:5      | Entered Level 5 of the Dungeon
  4939 | D:5      | Found Okianur's Distillery.
  5000 | D:5      | Found a hazy altar of Hepliaklqana.
  5030 | D:5      | Reached skill level 5 in Spellcasting
  5030 | D:5      | Reached XP level 7. HP: 52/52 MP: 8/14
  5634 | D:5      | Found Waitz's Antique Weapon Emporium.
  5638 | D:5      | Found Yzukhlis's Armour Shop.
  5677 | D:5      | Found Zuejitoe's Book Emporium.
  5934 | D:5      | Found a hazy altar of Hepliaklqana.
  6436 | D:5      | Reached skill level 6 in Spellcasting
  6436 | D:5      | Reached skill level 5 in Conjurations
  6700 | D:6      | Reached XP level 8. HP: 61/61 MP: 7/17
  6736 | D:6      | Found a snail-covered altar of Cheibriados.
  6812 | D:6      | Found a staircase to the Ecumenical Temple.
  6982 | D:6      | Found a glowing drain.
  7028 | Sewer    | Entered a sewer
  8169 | D:5      | Bought a glowing quarterstaff for 154 gold pieces
  8202 | D:6      | Reached skill level 5 in Fighting
  8441 | D:7      | Reached skill level 1 in Staves
  8447 | D:7      | Reached skill level 7 in Spellcasting
  9201 | D:7      | Slain by a shadow

Levels and vault maps discovered:
D:1:      psy_arrival_basics, layout_rooms, minmay_quantized
D:2:      layout_loops_ring, grunt_gozag_breadcrumbs, first_ration,
          serial_forest, infiniplex_forest_end_double,
          infiniplex_forest_clump_small, infiniplex_forest_end_1,
          infiniplex_forest_corner_1, infiniplex_forest_clump_tiny,
          infiniplex_forest_clump_long, infiniplex_forest_clump_cross,
          infiniplex_forest_straight_2
D:3:      layout_basic
D:4:      layout_gridville, makhleb_blood_cavern_becter, evilmike_ruin_ashenzari
D:5:      layout_basic, overflow_temple_1_default, basic_altar, serial_shops,
          shop, nicolae_shop_behind_doors, shop, nicolae_shop_trees
D:6:      layout_basic, nicolae_overflow_crystal_walls,
          minmay_temple_entry_purple_smoke, portal_sewer_entry_f
D:7:      layout_basic, zin_academy, grunt_dithmenos_shadows,
          minmay_misc_feat_plants, lemuel_statue_altar

Skill      XL: |  1  2  3  4  5  6  7  8 |
---------------+-------------------------+-----
Spellcasting   | 3 4 5 6 7 |  7.8
Fighting       | 1 2 3 4 5 |  5.0
Stealth        | 2 3 |  3.0
Dodging        | 2 3 |  3.0
Conjurations   | 4 5 6 |  6.1
Staves         | 2 |  2.4

Action                   |  1- 3 |  4- 6 |  7- 9 || total
-------------------------+-------+-------+-------++-------
Melee: Short sword       |     9 |    42 |    91 ||   142
       Whip              |     2 |       |       ||     2
       Dagger            |    81 |     2 |       ||    83
       Quarterstaff      |       |       |    33 ||    33
 Cast: Magic Dart        |    34 |    71 |   104 ||   209
       Searing Ray       |     5 |    10 |    31 ||    46
Invok: Curse Item        |       |       |     1 ||     1
  Use: Scroll            |       |       |    10 ||    10
 Stab: Sleeping          |     1 |       |     1 ||     2
Armor: Robe              |    24 |    13 |    45 ||    82
Dodge: Dodged            |    68 |    38 |   151 ||   257

Table legend:
 A = Non-vault XP
 B = Vault XP
 C = Vault XP percentage of total XP
 D = Non-vault monster count
 E = Vault monster count
 F = Vault count percentage of total count
                 A         B        C        D         E       F
            +---------+---------+-------+---------+---------+-------
      Total |    2550 |      86 |   3.3 |     136 |      26 |  16.0
            +---------+---------+-------+---------+---------+-------
        D:1 |      22 |       6 |  21.4 |      14 |       5 |  26.3
        D:2 |      36 |       0 |   0.0 |      20 |       0 |   0.0
        D:3 |     178 |       0 |   0.0 |      16 |       0 |   0.0
        D:4 |     429 |      42 |   8.9 |      18 |       1 |   5.3
        D:5 |     434 |       0 |   0.0 |      31 |       0 |   0.0
        D:6 |     721 |      11 |   1.5 |      21 |       5 |  19.2
        D:7 |     730 |       0 |   0.0 |      16 |       0 |   0.0
      Sewer |       0 |      27 | 100.0 |       0 |      15 | 100.0
            +---------+---------+-------+---------+---------+-------
